General information
- name: BNet
- type: Ladder 1vs1/FFA
- host: Battle.net
- saver: Ghocher
map: SecretValley
- players: 2
- length: 29:45
- speed: Fast
- version: 1.23 W3XP
- replay type: Public
» download(96 KB)
Players
team 1 (winner)
Ghocher (
teal | 83 APM | 2467 actions | 29:45)
6 Blademaster
3 Wind Walk
3 Critical Strike
5 Shadow Hunter
2 Hex
3 Healing Wave
» actions
| Assign group hotkey | 54 | |
| Basic commands | 155 | |
| Build / train | 92 | |
| Enter build submenu | 22 | |
| Enter hero's abilities submenu | 13 | |
| Give item / drop item | 2 | |
| Remove unit from queue | 5 | |
| Right click | 747 | |
| Select / deselect | 627 | |
| Select group hotkey | 575 | |
| Use ability | 175 | |
2467 total
» units
| Peon | 7 | |
| Grunt | 14 | |
| Spirit Walker | 9 | |
| Raider | 21 | |
| Troll Witch Doctor | 2 | |
| Tauren | 3 | |
56 total
» upgrades
| Berserker Strength | 1 | |
| Ensnare | 1 | |
| Spirit Walker Training | 1 | |
| Witch Doctor Training | 2 | |
| Pillage | 1 | |
| Troll Regeneration | 1 | |
7 total
» buildings
| Altar of Storms | 1 | |
| Orc Burrow | 6 | |
| Barracks | 2 | |
| Stronghold | 1 | |
| Voodoo Lounge | 2 | |
| Beastiary | 1 | |
| Spirit Lodge | 1 | |
| War Mill | 1 | |
| Fortress | 1 | |
| Great Hall | 2 | |
| Tauren Totem | 1 | |
| Watch Tower | 2 | |
21 total
» build order
00:04 Altar of Storms
00:16 Orc Burrow
00:38 Barracks
00:40 Barracks
01:29 Orc Burrow
02:38 Stronghold
03:21 Voodoo Lounge
05:09 Beastiary
05:10 Spirit Lodge
05:14 Orc Burrow
07:58 Orc Burrow
08:10 Voodoo Lounge
09:57 Orc Burrow
11:15 War Mill
12:49 Fortress
15:27 Orc Burrow
18:57 Great Hall
19:19 Tauren Totem
19:46 Great Hall
22:33 Watch Tower
22:38 Watch Tower
» items
| Healing Salve | 3 | |
| Lesser Clarity Potion | 2 | |
| Circlet of Nobility | 2 | |
| Boots of Speed | 1 | |
8 total
team 2 (loser)
Super.Sonic (
pink | 70 APM | 2094 actions | 29:43)
5 Demon Hunter
3 Mana Burn
2 Evasion
5 Beastmaster
2 Summon Quilbeast
3 Summon Hawk
» actions
| Assign group hotkey | 23 | |
| Basic commands | 4 | |
| Build / train | 80 | |
| Enter build submenu | 13 | |
| Enter hero's abilities submenu | 10 | |
| Give item / drop item | 3 | |
| Remove unit from queue | 6 | |
| Right click | 1051 | |
| Select / deselect | 534 | |
| Select group hotkey | 214 | |
| Use ability | 156 | |
2094 total
» units
| Wisp | 14 | |
| Archer | 2 | |
| Druid of the Talon | 26 | |
| Huntress | 2 | |
44 total
» upgrades
| Druid of the Talon Training | 2 | |
| Reinforced Hides | 2 | |
| Strength of the Wild | 1 | |
| Moon Armor | 1 | |
| Strength of the Moon | 1 | |
7 total
» buildings
| Altar of Elders | 1 | |
| Moon Well | 4 | |
| Ancient of War | 1 | |
| Tree of Ages | 1 | |
| Hunter's Hall | 1 | |
| Ancient of Wind | 2 | |
| Tree of Eternity | 1 | |
| Tree of Life | 2 | |
| Ancient of Wonders | 1 | |
| Ancient Protector | 1 | |
15 total
» build order
00:02 Altar of Elders
00:22 Moon Well
00:35 Ancient of War
01:38 Moon Well
03:07 Tree of Ages
03:29 Hunter's Hall
04:26 Moon Well
05:22 Moon Well
05:50 Ancient of Wind
05:50 Ancient of Wind
06:36 Tree of Eternity
14:52 Tree of Life
20:27 Ancient of Wonders
22:11 Tree of Life
22:19 Ancient Protector
» items
| Boots of Speed | 1 | |
| Scroll of Town Portal | 2 | |
| Scroll of Healing | 4 | |
| Orb of Venom | 1 | |
| Potion of Healing | 1 | |
9 total
Chat log
(00:06 / All) Ghocher: gl
(00:07 / All) Super.Sonic: hf
(00:16 / All) Super.Sonic: u dont Batmaster do you?
(00:23 / All) Ghocher: nah
(00:34 / All) Ghocher: you don't mass hunts, do you? :p
(00:40 / All) Super.Sonic: haha
(00:43 / All) Super.Sonic: did last game
(00:54 / All) Super.Sonic: only vs NE though
(00:57 / All) Ghocher: ah
(25:44 / All) Ghocher: uuuuugh
(29:06 / All) Super.Sonic: secret valley makes me hate warcraft :P
(29:09 / All) Ghocher: ha
(29:32 / All) Super.Sonic: gg
(29:33 / All) Ghocher: g
(29:35 / All) Ghocher: g